 Dungeon Crawl Stone Soup version 0.19-a0-1007-g133f65f (webtiles) character file.

1435 Implojin the Grappler (level 8, -1/74 HPs)
             Began as a Troll Fighter on July 20, 2016.
             Was a Priest of Okawaru.
             Slain by a gnoll
             ... wielding a +0 spear
              (7 damage)
             ... on level 9 of the Dungeon.
             The game lasted 00:06:59 (1195 turns).

Implojin the Grappler (Troll Fighter)               Turns: 1195, Time: 00:06:59

Health: -1/74      AC:  7    Str: 25    XL:     8   Next: 45%
Magic:  5/7        EV: 12    Int:  4    God:    Okawaru [***...]
Gold:   35         SH: 11    Dex: 11    Spells: 0 memorised, 7 levels left

rFire  . . .     SeeInvis .       - Unarmed
rCold  . . .     Gourm    +     a - +0 robe
rNeg   . . .     Faith    .     b - +0 shield
rPois  .         Spirit   .     (helmet restricted)
rElec  .         Dismiss  .     p - +1 cloak
rCorr  .         Reflect  .     (gloves unavailable)
SustAt .         Harm     .     (boots unavailable)
MR     .....                    (no amulet)
Stlth  ++........               (no ring)
                                (no ring)

@: heroism, not resistant to hostile enchantments, unstealthy
A: unfitting armour, claws 3, fast metabolism 3, gourmand, regeneration 2,
shaggy fur 1, tough skin 2
a: Heroism, Renounce Religion


You were on level 9 of the Dungeon.
You worshipped Okawaru.
Okawaru was most pleased with you.
You were full.

You visited 1 branch of the dungeon, and saw 9 of its levels.
You also visited: Ossuary.

You collected 35 gold pieces.

Inventory:

Hand Weapons
 c - the +5 whip "Uta Qoas" {venom, *Confuse rN+ SInv, unknown}
   (You found it on level 8 of the Dungeon)

   It poisons the flesh of those it strikes.
   It protects you from negative energy.
   It lets you see invisible.
   It may confuse you when you take damage.
 f - a +0 mace of pain
 k - a +6 long sword
 v - a +0 flail of protection
Missiles
 o - 3 throwing nets (quivered)
Armour
 a - a +0 robe (worn)
 b - a +0 shield (worn)
 p - a +1 cloak (worn)
Scrolls
 g - 4 scrolls of identify {unknown}
 h - 6 scrolls of teleportation {unknown}
 i - a scroll of recharging {unknown}
 l - a scroll of enchant weapon {unknown}
 q - a scroll of torment {unknown}
Potions
 e - a potion of resistance {unknown}
 j - 2 potions of degeneration {unknown}
 m - 2 potions of curing {unknown}
 r - a potion of mutation {unknown}
 s - a potion of ambrosia {unknown}
 t - a potion of heal wounds
 u - a potion of haste {unknown}
Comestibles
 d - 11 bread rations


   Skills:
 - Level 2.4(7.4) Fighting
 - Level 2.4(7.4) Dodging
 - Level 2.4(7.4) Shields
 * Level 10.6(15.6) Unarmed Combat


You had 7 spell levels left.
You didn't know any spells.

Dungeon Overview and Level Annotations

Branches:
Dungeon (9/15)
 Temple: D:4-7         Lair: D:8-11         Orc: D:9-12

Altars:
Okawaru
Uskayaw


Innate Abilities, Weirdness & Mutations

You are too large for most types of armour.
You have claws for hands.
Your metabolism is lightning-fast.
You like to eat raw meat.
You heal very quickly.
You are covered in fur. (AC +1)
You have very tough skin. (AC +2)


Message History

The gnoll shouts!
There is an open door here.
There is an open door here.
Found 18 stones.
A vampire mosquito comes into view.
The vampire mosquito buzzes angrily.
You hear a shout!
A tengu warrior comes into view. It is wielding a war axe.
You see here 18 stones.
Deactivating autopickup; reactivate with Ctrl-A.
You miss something. Something hits you. The vampire mosquito bites you.
Okay, then.
Okay, then.
You miss something. You block something's attack.
The vampire mosquito bites you!
* * * LOW HITPOINT WARNING * * *
The vampire mosquito bites you.
* * * LOW HITPOINT WARNING * * *
Unknown command.
Something hits you but does no damage. The vampire mosquito bites you!
* * * LOW HITPOINT WARNING * * *
A hound zombie comes into view.
Unknown command.
Something hits you but does no damage. Something hits you!
* * * LOW HITPOINT WARNING * * *
The vampire mosquito bites you!
* * * LOW HITPOINT WARNING * * *
Unknown command.
Something hits you!
* * * LOW HITPOINT WARNING * * *
Unknown command.
Okay, then.
It was a potion of heal wounds.
You feel much better. Something hits you.
* * * LOW HITPOINT WARNING * * *
Something hits you!
* * * LOW HITPOINT WARNING * * *
You gain the combat prowess of a mighty hero.
You block something's attack. Something hits you.
* * * LOW HITPOINT WARNING * * *
The gnoll hits you from afar with a spear!
You die...

.>≈≈≈≈≈≈...........<≈≈≈≈≈≈≈≈
#≈#≈≈≈≈.#....######≈≈≈≈≈≈≈≈≈
≈≈≈.≈≈..'....### ##≈≈≈≈≈≈≈≈
≈≈≈###.#......## ##≈≈≈≈≈≈≈
#.##'###..# #≈≈≈≈≈≈ #.##.#
##.# #≈≈≈≈# ≈$##.# #g##
#≈#.# ≈≈.##.# #..# ##..
≈≈≈.##.# ##@# ≈≈≈≈.##.#
##.## g≈≈≈#....#


#QyZ# ≈≈≈≈####### #.(.# #...# ..###.. #.. ..# ### ### You could see a tengu
warrior, a vampire mosquito, a gnoll and a hound zombie.

Vanquished Creatures
  Joseph (D:7)
  The ghost of Wuag the Cleaver, an amateur MiBe of Trog (Ossuary)
  A hungry ghost (D:8)
  A sky beast (D:8)
  3 ogres
  2 giant frogs (D:8)
  4 hounds
  A giant frog skeleton (D:7)
  A worker ant (D:7)
  A killer bee zombie (D:6)
  A hound zombie (D:6)
  5 mummies
  3 gnolls (D:8)
  A worm (D:5)
  2 giant geckos
  An orc (D:6)
  A giant cockroach (D:1)
  3 goblins
  2 hobgoblins (D:2)
  2 jackals (D:2)
  5 kobolds
  A giant newt (D:4)
  A hobgoblin zombie (Ossuary)
  A rat (D:2)
45 creatures vanquished.

Notes
Turn   | Place    | Note
-------+----------+-------------------------------------------
     0 | D:1      | Implojin the Troll Fighter began the quest for the Orb.
     0 | D:1      | Reached XP level 1. HP: 22/22 MP: 0/0
   109 | D:1      | Reached XP level 2. HP: 29/29 MP: 1/1
   173 | D:2      | Reached skill level 3 in Unarmed Combat
   204 | D:2      | Found an iron altar of Okawaru.
   212 | D:2      | Became a worshipper of Warmaster Okawaru
   320 | D:4      | Found a hide-covered altar of Uskayaw.
   361 | D:5      | Entered Level 5 of the Dungeon
   427 | D:6      | Reached XP level 3. HP: 33/36 MP: 2/2
   471 | D:6      | Reached skill level 4 in Unarmed Combat
   471 | D:6      | Reached XP level 4. HP: 41/44 MP: 3/3
   486 | D:6      | Noticed an ogre
   495 | D:6      | Killed an ogre
   495 | D:6      | Reached skill level 5 in Unarmed Combat
   495 | D:6      | Reached XP level 5. HP: 31/50 MP: 4/4
   544 | D:6      | Reached * piety under Okawaru
   623 | D:7      | Noticed an ogre
   626 | D:7      | Killed an ogre
   626 | D:7      | Reached skill level 6 in Unarmed Combat
   626 | D:7      | Reached XP level 6. HP: 45/59 MP: 5/5
   651 | D:7      | Noticed Joseph
   665 | D:7      | Killed Joseph
   665 | D:7      | Reached ** piety under Okawaru
   665 | D:7      | Reached skill level 8 in Unarmed Combat
   665 | D:7      | Reached XP level 7. HP: 10/66 MP: 3/6
   772 | D:8      | Got an encrusted whip
   875 | D:8      | Noticed a hungry ghost
   885 | D:8      | Killed a hungry ghost
   885 | D:8      | Reached skill level 9 in Unarmed Combat
   939 | D:8      | Reached XP level 8. HP: 70/74 MP: 4/7
   997 | D:7      | Found a sand-covered staircase.
  1001 | D:7      | Reached skill level 10 in Unarmed Combat
  1005 | Ossuary  | Entered an ossuary
  1033 | Ossuary  | Noticed Wuag's ghost (amateur MiBe)
  1042 | Ossuary  | Killed Wuag's ghost
  1042 | Ossuary  | Reached *** piety under Okawaru
  1189 | D:9      | Noticed a tengu warrior
  1195 | D:9      | Slain by a gnoll

Vault maps used:
D:1:      dpeg_arrival_tiny_a
D:2:      nicolae_overflow_crystal_walls, lemuel_crystal_altar, first_bread,
          kennysheep_generic_room_12, uniq_sigmund, uniq_iyjb
D:3:      kennysheep_six_static_rooms, kennysheep_generic_room_8
D:4:      old_standard_altar, gup_sewer_entry_glass, hangedman_decor_growths
D:5:      serial_shops, nicolae_shop_window_shopping
D:7:      gup_ossuary_entry_pyramid, grunt_ogre_cave, uniq_joseph
D:9:      minmay_blocky_corners, johnstein_pakellas_dig, basic_altar,
          serial_shops, nicolae_shop_waterfront, uniq_psyche
Ossuary:  ossuary_the_hunt_dpeg

Skill      XL: |  1  2  3  4  5  6  7  8 |
---------------+-------------------------+-----
Unarmed Combat | 3 4 5 6 8 9 10 | 10.6
Fighting       | |  2.4
Dodging        | |  2.4
Shields        | |  2.4

Action                   |  1- 3 |  4- 6 |  7- 9 || total
-------------------------+-------+-------+-------++-------
Melee: Unarmed           |    53 |    29 |    53 ||   135
Invok: Heroism           |       |     1 |     6 ||     7
  Use: Potion            |       |     1 |     1 ||     2
 Stab: Sleeping          |     1 |       |     1 ||     2
  Eat: Chunk             |     6 |     1 |    11 ||    18
Armor: Robe              |    16 |     3 |     8 ||    27
Dodge: Dodged            |    12 |     6 |    18 ||    36
Block: Shield            |    26 |    10 |    21 ||    57

Table legend:
 A = Turns spent in this place as a percentage of turns spent in the entire game.
 B = Non-inter-level travel turns spent in this place as a percentage of non-inter-level travel turns spent in the entire game.
 C = Inter-level travel turns spent in this place as a percentage of turns spent in this place.
 D = Turns resting spent in this place as a percentage of non-inter-level travel turns spent in this place.
 E = Turns spent auto-exploring this place as a percentage of non-inter-level travel turns spent in this place.
 F = Non-inter-level travel turns spent in this place divided by the number of levels of this place that you've seen.
                   A       B       C       D       E      F
               +-------+-------+-------+-------+-------+----------------------
         Total | 100.0 | 100.0 |   0.0 |   0.0 |   0.0 | 117.9
       Dungeon |  93.1 |  93.1 |   0.0 |   0.0 |   0.0 | 122.0
       Ossuary |   6.9 |   6.9 |   0.0 |   0.0 |   0.0 |  81.0
               +-------+-------+-------+-------+-------+----------------------

Table legend:
 A = Kills in this place as a percentage of kills in entire the game.
 B = Kills by you in this place as a percentage of kills by you in the entire game.
 C = Kills by friends in this place as a percentage of kills by friends in the entire game.
 D = Other kills in this place as a percentage of other kills in the entire game.
 E = Experience gained in this place as a percentage of experience gained in the entire game.
 F = Experience gained in this place divided by the number of levels of this place that you have seen.
                   A       B       C       D       E      F
               +-------+-------+-------+-------+-------+----------------------
         Total | 100.0 | 100.0 |  -nan |  -nan | 100.0 | 205.1
       Dungeon |  86.7 |  86.7 |  -nan |  -nan |  81.9 | 186.6
       Ossuary |  13.3 |  13.3 |  -nan |  -nan |  18.1 | 372.0
               +-------+-------+-------+-------+-------+----------------------
